AoeStats
← Lord_Wilfredo

Pilgrims

508791504Analyzed
4v4 RM · 8d ago on Sep 24, 2026· 58m 48s· 8 players
Game mode
Random Map
Map size
Large (8 player)
Population
200
Speed
Normal
Resources
Standard
Victory
Conquest
Starting age
Dark Age
Ending age
Imperial Age
RankedLock teamsTeams togetherTeam positionsShared explorationLock speedFull tech treeHidden civsTurbo modeCheats
Victory
Defeat
🇲🇽 Dravidians · Mexico
1383
+13
🇺🇸 Shu · United States
1331
+15
🇻🇳 Danes · Vietnam
1316
+16
🇺🇸 Varangians · United States
1301
+17
🇩🇪 Varangians · Germany
1392
-18
🇦🇷 Spanish · Argentina
1372
-17
🇺🇸 Armenians · United States
1359
-17
🇷🇴 Huns · Romania
1151
-9
Dusk_
4:34 Loom
12:45 Feudal Age
13:18 Double-Bit Axe
14:01 Town Watch
14:39 Forging
16:48 Castle Age
15:53 Fletching
17:50 Medium Warships
17:51 Fishing Lines
18:04 Gold Mining
18:22 Bodkin Arrow
22:24 Ballistics
21:45 Demolition Ship
22:33 Horse Collar
24:42 Careening
24:43 Clinker Construction
26:44 Wheelbarrow
26:48 Bow Saw
28:06 Crossbowman
28:52 Thumb Ring
30:36 Padded Archer Armor
30:49 Masonry
31:12 Hand Cart
35:07 Imperial Age
44:09 Arbalester
45:51 Stone Mining
46:36 Gold Shaft Mining
46:33 Heavy Plow
48:37 Bracer
49:38 Conscription
50:42 Architecture
49:54 Treadmill Crane
51:58 Chemistry
51:55 Bolt Magazine
54:20 Two-Man Saw
53:55 Caravan
56:55 Coiled Serpent Array
56:15 Elite White Feather Guard
OM | Massiosare
13:22 Feudal Age
13:44 Loom
24:41 Castle Age
23:11 Fletching
40:25 Padded Archer Armor
46:40 Ballistics
47:41 Bodkin Arrow
48:02 Leather Archer Armor
48:30 Thumb Ring
Thor Odinson
4:15 Loom
5:34 Loom
13:44 Feudal Age
15:14 Fishing Lines
18:33 Wheelbarrow
20:01 Castle Age
18:43 Double-Bit Axe
19:07 Horse Collar
20:34 Gillnets
25:49 Wheelbarrow
25:19 Heavy Plow
25:26 Husbandry
27:22 Bloodlines
31:58 Town Watch
32:12 Gold Mining
32:07 Light Cavalry
35:32 Stone Mining
36:16 Scale Barding Armor
36:21 Forging
37:21 Chain Barding Armor
38:23 Hand Cart
39:12 Iron Casting
39:27 Vendel Legacy
52:56 Imperial Age
53:33 Capped Ram
55:23 Plate Barding Armor
54:20 Hussar
56:07 Cavalier
57:44 Bow Saw
59:18 Conscription
8co
6:04 Loom
12:09 Feudal Age
12:50 Double-Bit Axe
13:39 Arson
13:45 Horse Collar
17:05 Castle Age
15:08 Scale Mail Armor
15:27 Gold Mining
17:52 Squires
20:46 Wheelbarrow
20:01 Gambesons
21:31 Chain Mail Armor
27:14 Stone Mining
27:35 Bow Saw
29:36 Stone Shaft Mining
29:06 Heavy Plow
30:04 Hand Cart
29:35 Town Watch
36:35 Imperial Age
34:22 Fletching
34:43 Forging
35:56 Gold Shaft Mining
36:24 Thumb Ring
36:30 Bodkin Arrow
36:56 Cranequins
37:44 Bracer
38:45 Chemistry
38:06 Ballistics
39:21 Heavy Mounted Crossbowman
40:03 Padded Archer Armor
40:38 Coinage
42:11 Leather Archer Armor
42:09 Masonry
42:45 Conscription
44:16 Ring Archer Armor
46:26 Elite Varangian Guard
48:28 Banking
48:53 Siege Engineers
49:49 Northmen's Fury
51:04 Elite Jomsviking
51:06 Hamask
51:06 Hamask
57:29 Scale Barding Armor
58:00 Iron Casting
all peacocks are the same
3:25 Loom
10:57 Feudal Age
11:47 Double-Bit Axe
17:51 Castle Age
17:19 Gold Mining
17:33 Fletching
19:18 Medium Warships
20:36 Bodkin Arrow
27:20 Bow Saw
30:49 Town Watch
31:39 Wheelbarrow
31:52 Fishing Lines
38:20 Imperial Age
36:08 Man-at-Arms
36:34 Gambesons
36:53 Scale Mail Armor
37:03 Forging
36:37 Pikeman
37:17 Squires
37:23 Padded Archer Armor
37:03 Crossbowman
38:31 Halberdier
39:32 Arbalester
41:52 Ballistics
42:33 Chemistry
43:05 Bracer
44:19 Chain Mail Armor
45:40 Stone Mining
47:06 Gold Shaft Mining
50:07 Iron Casting
50:02 Plate Mail Armor
52:24 Man-at-Arms
52:54 Elite Skirmisher
55:27 Conscription
Azazel
12:15 Feudal Age
19:03 Castle Age
18:32 Loom
18:54 Double-Bit Axe
20:22 Stone Mining
41:10 Fishing Lines
50:26 Wheelbarrow
Szorinx
9:24 Loom
14:17 Feudal Age
15:51 Fletching
16:27 Fishing Lines
19:54 Castle Age
21:16 Gillnets
22:21 Forging
22:29 Double-Bit Axe
23:09 Scale Barding Armor
27:07 Bloodlines
27:06 Husbandry
30:20 Chain Barding Armor
34:19 Gold Mining
34:19 Stone Mining
47:02 Imperial Age
45:08 Wheelbarrow
47:17 Iron Casting
47:03 Elite Jarl
49:39 Blast Furnace
49:34 Plate Barding Armor
52:25 Hand Cart
54:36 Stone Shaft Mining
Lord_Wilfredo
6:06 Loom
12:23 Feudal Age
17:15 Castle Age
15:35 Fletching
16:24 Scale Mail Armor
16:35 Double-Bit Axe
16:34 Fishing Lines
17:05 Stone Mining
18:42 Bow Saw
22:41 Bodkin Arrow
29:43 Town Watch
30:05 Gold Mining
30:58 Padded Archer Armor
35:02 Wheelbarrow
39:29 Imperial Age
37:48 Hand Cart
37:50 Pikeman
39:17 Squires
42:31 Two-Man Saw
43:15 Halberdier
43:56 Squires
44:59 Chemistry
43:36 Elite Skirmisher
45:56 Bracer
46:11 Leather Archer Armor
Connection lost

Rejoining the realm…

Still unreachable

The connection could not be restored.

Session expired

The server has moved on; the page needs a fresh start.